 Dungeon Crawl Stone Soup version 0.29-a0-559-g359e09b9d1 (webtiles) character file.

Game seed: 8008047213205813117

3862 dohliylev the Ducker (level 9, -4/84 HPs)
             Began as a Troll Warper on June 10, 2022.
             Was a Follower of Okawaru.
             Killed from afar by Erica (23 damage)
             ... with a bolt of poison
             ... on level 8 of the Dungeon on June 11, 2022.
             The game lasted 00:22:09 (6462 turns).

dohliylev the Ducker (Troll Warper)                 Turns: 6462, Time: 00:22:10

Health: -4/84      AC: 10    Str: 25    XL:     9   Next: 99%
Magic:  10/11      EV: 15    Int:  9    God:    Okawaru [*.....]
Gold:   467        SH:  0    Dex:  9    Spells: 9/12 levels left

rFire   + . .      SeeInvis .     - Unarmed
rCold   + . .      Faith    .   (no shield)
rNeg    . . .      Spirit   .   x - +0 troll leather armour {Pargi}
rPois   .          Reflect  .   (helmet restricted)
rElec   .          Harm     .   q - scarf {rC+ rF+}
rCorr   .          Rampage  .   (gloves unavailable)
Will    .....                   (boots unavailable)
Stlth   +.........              (no amulet)
HPRegen 1.84/turn               i - +4 ring of evasion
MPRegen 0.12/turn               g - +4 ring of protection

@: lethally poisoned (-4 -> -9), studying Poison Magic
A: large, unfitting armour, claws 3, regeneration 1, shaggy fur 1, tough skin 1
a: Renounce Religion, Heroism


You were on level 8 of the Dungeon.
You worshipped Okawaru.
Okawaru was aware of your devotion.
You visited 2 branches of the dungeon, and saw 9 of its levels.
You also visited: Sewer.

You collected 467 gold pieces.

Inventory:

Missiles
 c - 7 boomerangs of dispersal (quivered)
 K - 4 large rocks
 M - 9 poisoned darts
 T - 2 javelins
Armour
 q - a scarf of resistance (worn)
 x - a +0 troll leather armour (worn) {Pargi}
 J - a +2 robe of willpower
 N - a +0 tower shield
 Q - a +2 robe of positive energy
Jewellery
 g - a +4 ring of protection (right claw)
 i - a +4 ring of evasion (left claw)
 u - a ring of protection from fire
 z - the ring of Mirth {Fire Dex+4}
   (You found it on level 3 of the Dungeon)

   [ring of fire]

   It enhances your fire magic.
   Dex:       It affects your dexterity (+4).
   rF:        It protects you from fire.
   rC:        It makes you vulnerable to cold.
 A - a ring of ice
 R - a ring of flight
Wands
 r - a wand of iceblast (6)
 D - a wand of mindburst (16)
 H - a wand of flame (33)
Scrolls
 b - 4 scrolls of blinking
 h - 4 scrolls of teleportation
 j - 2 scrolls of enchant weapon
 l - 4 scrolls of identify
 o - 2 scrolls of amnesia
 p - 2 scrolls of fog
 t - a scroll of magic mapping {unknown}
 v - a scroll of silence {unknown}
 y - 3 scrolls of fear {unknown}
 G - 2 scrolls of poison {unknown}
 I - a scroll of immolation {unknown}
Potions
 a - 2 potions of brilliance {unknown}
 d - 6 potions of curing {unknown}
 e - 2 potions of degeneration {unknown}
 f - 4 potions of flight {unknown}
 k - a potion of cancellation {unknown}
 m - a potion of invisibility {unknown}
 n - 7 potions of might {unknown}
 s - a potion of haste {unknown}
 C - 3 potions of lignification {unknown}
 E - a potion of mutation {unknown}
 F - a potion of heal wounds
 L - a potion of attraction {unknown}
 O - a potion of berserk rage {unknown}
 S - a potion of magic {unknown}
Miscellaneous
 w - a condenser vane


   Skills:
 + Level 4.2 Fighting
 + Level 6.2 Throwing
 + Level 7.9 Dodging
 + Level 6.5 Unarmed Combat
 + Level 2.0 Spellcasting
 + Level 3.0 Translocations


You had 9 spell levels left.
You knew the following spells:

 Your Spells              Type           Power      Damage    Failure   Level
a - Blink                 Tloc           12%        N/A       17%         2
b - Sting                 Tmut/Pois      0%         1d3       36%         1

Your spell library contained the following spells:

 Spells                   Type           Power      Damage    Failure   Level
 Gell's Gravitas          Tloc           6%         N/A       32%         3
 Lesser Beckoning         Tloc           6%         N/A       32%         3
 Teleport Other           Tloc           6%         N/A       32%         3
 Poisonous Vapours        Pois/Air       0%         N/A       50%         2
 Manifold Assault         Tloc           6%         N/A       97%         5
 Olgreb's Toxic Radiance  Pois           0%         N/A       98%         4


Dungeon Overview and Level Annotations

Branches:
Dungeon (8/15)             Temple (1/1) D:7            Lair (0/6) D:8
  Sewer (visited)

Altars:
Cheibriados
Dithmenos
Elyvilon
Fedhas
Gozag
Hepliaklqana
Kikubaaqudgha
Makhleb
Nemelex Xobeh
Okawaru
Qazlal
Ru
Sif Muna
Trog
Vehumet
Wu Jian
Xom
Yredelemnul
Zin
The Shining One
Jiyva

Shops:
D:8 *

Annotations:
D:8 Erica


Innate Abilities, Weirdness & Mutations

You are too large for most types of armour.
You have claws for hands.
Your natural rate of healing is unusually fast.
You are covered in fur. (AC +1)
You have tough skin. (AC +1)


Message History

You are no longer poisoned.
Something hits you! Something burns you.
You closely miss something. Something hits you but does no damage.
You barely miss something. Something hits you!
* * * LOW HITPOINT WARNING * * *
Something burns you.
* * * LOW HITPOINT WARNING * * *
Something hits you!
* * * LOW HITPOINT WARNING * * *
Something burns you.
* * * LOW HITPOINT WARNING * * *
Casting: Blink (safe; 17% risk of failure)
Confirm with . or Enter, or press ? or * to list all spells.
You blink.
You hear some strange, mumbled words.
A bolt of poison appears from out of thin air!
The bolt of poison misses you.
Erica appears from thin air!
Reactivating autopickup.
Erica gestures at you while chanting. You resist with significant effort.
You feel stable enough to blink again.
Erica points at you and mumbles some strange words.
The bolt of poison hits you!
You are poisoned.
* * * LOW HITPOINT WARNING * * *
You feel very sick.
Erica mumbles some strange words.
Erica flickers and vanishes!
Deactivating autopickup; reactivate with Ctrl-A.
You feel very sick.
You feel yourself speed up.
You feel very sick.
You feel sick.
You feel sick.
You hear some strange, mumbled words.
A bolt of poison appears from out of thin air!
The bolt of poison hits you!!
You are more poisoned.
You die...

###### #....#
####.##
#######.....# #
...?......>.#.#####
#######.###.#......
#.......# #........
#......####.#######
#...........{...@<#
#.####.####.#######
#.# #.# #.# #.# #.#
#.# #.# #.# #{#
#.####.# #.#
#.#.)..# #.#
#.#.#######.#
#.#.#####...#


There were no monsters in sight!

Vanquished Creatures
  An ugly thing (D:6)
  A cyclops (D:6)
  Psyche (D:8)
  Sigmund (D:2)
  Edmund (D:6)
  Duvessa (D:6)
  A sky beast (D:6)
  Pargi (D:4)
  2 ice beasts
  A black bear (D:4)
  3 ogres
  2 centaurs
  3 phantoms
  3 kobold brigands
  3 bullfrogs
  Dowan (D:6)
  4 killer bees
  A howler monkey (D:8)
  A jelly (D:4)
  3 hounds
  2 orc priests
  2 iguanas
  2 orc wizards
  Robin (D:2)
  4 gnolls (D:5)
  14 adders
  A shadow imp (D:8)
  5 white imps
  5 worms
  6 dart slugs
  23 orcs
  15 ball pythons
  11 endoplasms
  11 giant cockroaches
  16 goblins
  10 hobgoblins
  13 kobolds
  12 quokkas
  9 bats
  11 frilled lizards
  2 rats
210 creatures vanquished.

Notes
Turn   | Place    | Note
-------+----------+-------------------------------------------
     0 | D:1      | dohliylev the Troll Warper began the quest for the Orb.
     0 | D:1      | Reached XP level 1. HP: 19/19 MP: 1/1
   119 | D:1      | Reached XP level 2. HP: 27/28 MP: 2/2
   146 | D:1      | Reached skill level 2 in Dodging
   301 | D:1      | Reached XP level 3. HP: 31/35 MP: 4/4
   547 | D:2      | Noticed Robin
   580 | D:2      | Killed Robin
   581 | D:2      | Reached XP level 4. HP: 42/42 MP: 5/5
   653 | D:2      | Learned a level 2 spell: Blink
   843 | D:2      | Noticed Sigmund
   855 | D:2      | Killed Sigmund
   856 | D:2      | Reached skill level 3 in Dodging
   856 | D:2      | Reached XP level 5. HP: 49/49 MP: 6/6
   995 | D:2      | Found a sparkling altar of Nemelex Xobeh.
  1066 | D:3      | Found a bloodstained altar of Trog.
  1224 | D:3      | Found a faded altar of an unknown god.
  1268 | D:3      | Reached XP level 6. HP: 57/57 MP: 7/7
  1396 | D:3      | Found an ornate altar of the Wu Jian Council.
  1396 | D:3      | You fall into a shaft and drop 3 floors!
  1437 | D:5      | Entered Level 5 of the Dungeon
  1451 | D:5      | Found a glowing drain.
  1479 | Sewer    | Entered a sewer
  1678 | Sewer    | Reached skill level 4 in Dodging
  1736 | Sewer    | Reached XP level 7. HP: 61/66 MP: 8/8
  1861 | D:5      | Reached skill level 1 in Throwing
  1861 | D:5      | Reached skill level 5 in Dodging
  1875 | D:4      | Found a shadowy altar of Dithmenos.
  2039 | D:3      | Identified the ring of Mirth {Fire Dex+4}
  2356 | D:4      | Found a stormy altar of Qazlal.
  2391 | D:4      | Found a snail-covered altar of Cheibriados.
  2392 | D:4      | Noticed Pargi
  2403 | D:4      | Killed Pargi
  2668 | D:4      | Reached skill level 6 in Dodging
  2707 | D:4      | Found a radiant altar of Vehumet.
  2905 | D:4      | Reached XP level 8. HP: 75/75 MP: 9/9
  3108 | D:4      | Found a sacrificial altar of Ru.
  3823 | D:6      | Noticed a cyclops
  3825 | D:6      | Noticed a cyan ugly thing
  3868 | D:6      | Killed a cyclops
  3869 | D:6      | Reached skill level 7 in Dodging
  3968 | D:6      | Reached XP level 9. HP: 83/84 MP: 10/10
  3996 | D:6      | Noticed Edmund
  4023 | D:6      | Killed Edmund
  4233 | D:6      | Noticed Dowan
  4235 | D:6      | Noticed Duvessa
  4242 | D:6      | Killed Dowan
  4252 | D:6      | Killed Duvessa
  4253 | D:6      | Reached skill level 5 in Unarmed Combat
  4291 | D:6      | Found a shimmering altar of Xom.
  4328 | D:6      | Killed a cyan ugly thing
  4329 | D:6      | Reached skill level 5 in Throwing
  4866 | D:7      | Found a staircase to the Ecumenical Temple.
  4872 | Temple   | Entered the Ecumenical Temple
  5036 | Temple   | Became a worshipper of Warmaster Okawaru
  5844 | D:8      | Found Bukylut's Assorted Antiques.
  5858 | D:8      | Identified a scroll of acquirement
  5861 | D:8      | Acquired a manual of Poison Magic
  5865 | D:8      | Learned a level 1 spell: Sting
  5910 | D:8      | Found a staircase to the Lair.
  5940 | D:8      | Noticed Psyche
  5946 | D:8      | Killed Psyche
  6070 | D:8      | Found an opulent altar of Gozag.
  6071 | D:8      | Found a glowing silver altar of Zin.
  6167 | D:8      | Reached * piety under Okawaru
  6401 | D:8      | Noticed Erica
  6438 | D:8      | Paralysed by something for 2 turns
  6462 | D:8      | Killed from afar by Erica

Illustrated notes

Levels and vault maps discovered:
D:1:      psy_arrival_basics, layout_rooms, minmay_tetromino_t2
D:2:      layout_basic, basic_altar, uniq_sigmund, uniq_robin
D:3:      layout_rooms, mainiacjoe_overflow_cross_hatched,
          nzn_wu_jian_contemplation, nicolae_ecumenical_lake_church
D:4:      layout_loops_corners, lemuel_coloured_pillars_altar,
          kennysheep_slug_shrine, mainiacjoe_overflow_concentric_impassable,
          mainiacjoe_overflow_alcove_4, mainiacjoe_overflow_small_starburst,
          minmay_misc_feat_columns, uniq_pargi
D:5:      layout_basic, cheibrodos_sewer_entry_sluice, kennysheep_nondescript,
          hangedman_abyss_or_decor_lesser_grid
D:6:      layout_loops_ring, lemuel_doored_altar, kennysheep_cluttered_room,
          kb_rosetta, uniq_edmund, uniq_duvessa
D:7:      layout_loops_ring, minmay_temple_entry_enclosed_plants,
          nicolae_elevator_lobby_plus
D:8:      minmay_general_purpose_star, layout_basic, amcnicky_altar_gilded,
          grunt_temple_overflow_gold_and_silver, lair_entry_dummy, serial_shops,
          nicolae_shop_crystal, uniq_psyche, uniq_erica
Temple:   pf_slime_end_temple

Skill      XL: |  1  2  3  4  5  6  7  8  9 |
---------------+----------------------------+-----
Dodging        | 2 3 4 6 7 |  7.9
Fighting       | 2 3 4 |  4.2
Unarmed Combat | 4 6 |  6.5
Throwing       | 1 4 6 |  6.2
Spellcasting   | 2 |  2.0
Translocations | 3 |  3.0

Action                   |  1- 3 |  4- 6 |  7- 9 || total
-------------------------+-------+-------+-------++-------
Melee: Unarmed           |   105 |   245 |   305 ||   655
       Punch             |     2 |     5 |     8 ||    15
Throw: Dart              |       |       |   117 ||   117
       Boomerang         |       |       |     3 ||     3
       Large rock        |       |       |     5 ||     5
 Cast: Blink             |       |       |     8 ||     8
  Use: Scroll            |       |     3 |     4 ||     7
 Stab: Sleeping          |     1 |     1 |       ||     2
Armor: Robe              |    47 |    82 |    12 ||   141
       Troll leather arm |       |       |    83 ||    83
Dodge: Dodged            |    88 |   168 |   223 ||   479

Table legend: (Time is in decaauts)
 A = Elapsed time spent in this place.
 B = Non-inter-level travel time spent in this place.
 C = Inter-level travel time spent in this place.
 D = Time resting spent in this place.
 E = Time spent auto-exploring this place.
 F = Levels seen in this place.
 G = Mean time per level.
                   A        B        C        D        E       F      G
               +--------+--------+--------+--------+--------+-----+--------+
         Total |   6489 |   6271 |    218 |    164 |   4078 |  10 |  648.9 |
       Dungeon |   5959 |   5759 |    200 |    164 |   3857 |   8 |  744.9 |
        Temple |    183 |    165 |     18 |      0 |    134 |   1 |  183.0 |
         Sewer |    346 |    346 |      0 |      0 |     87 |   1 |  346.0 |
               +--------+--------+--------+--------+--------+-----+--------+

Top non-repeatable levels by time:
     D:6: 1036 daAuts
     D:4: 1027 daAuts
     D:7: 920 daAuts
     D:5: 736 daAuts
     D:8: 625 daAuts
     D:3: 582 daAuts
     D:2: 577 daAuts
     D:1: 452 daAuts
   Sewer: 346 daAuts
  Temple: 183 daAuts
